 Dungeon Crawl Stone Soup version 0.25-a0-1130-g3926558f3a (webtiles) character file.

Game seed: 8099143704181626133, levelgen mode: deterministic

62540 HoaS the Brawler (level 15, -13/151 HPs)
             Began as a Gargoyle Berserker on May 19, 2020.
             Was a High Priest of Trog.
             Mangled by a death yak simulacrum (20 damage)
             ... in an ice cave.
             The game lasted 00:58:29 (21323 turns).

HoaS the Brawler (Gargoyle Berserker)              Turns: 21323, Time: 00:58:30

Health: -13/151    AC: 27    Str: 21    XL:     15   Next: 6%
Magic:  15/15      EV:  6    Int:  9    God:    Trog [*****.]
Gold:   1343       SH:  0    Dex: 14    Spells: 14/14 levels left

rFire    + . .     SeeInvis .     - Unarmed
rCold    . . .     Gourm    .   (no shield)
rNeg     + . .     Faith    .   u - +0 plate armour
rPois    ∞         Spirit   .   s - +2 helmet
rElec    +         Reflect  .   (no cloak)
rCorr    .         Harm     .   r - +1 pair of gloves
MR       +....                  (no boots)
Stlth    ..........             E - amulet of regeneration
HPRegen  0.75/turn              B - ring of protection from cold
MPRegen  0.14/turn              N - ring of Spontaneous Combustion {Fire +Inv}

@: berserking, flying, very quick
A: big wings, negative energy resistance 1, electricity resistance, unbreathing,
petrification resistance, rot immunity, AC +11
a: Stop Flying, Berserk, Trog's Hand, Brothers in Arms, Renounce Religion, Evoke
Invisibility


You were in an ice cave.
You worshipped Trog.
Trog was extremely pleased with you.
You were hungry.

You visited 2 branches of the dungeon, and saw 18 of its levels.
You also visited: Ice Cave.

You collected 1343 gold pieces.

Inventory:

Hand Weapons
 w - a +3 longbow of flaming
Missiles
 a - 301 arrows (quivered)
Armour
 r - a +1 pair of gloves (worn)
 s - a +2 helmet (worn)
 u - a +0 plate armour (worn)
Jewellery
 c - an uncursed ring of see invisible
 i - a +4 ring of slaying
 y - a +6 ring of strength
 z - a +6 ring of strength
 B - a ring of protection from cold (left hand)
 E - an amulet of regeneration (around neck)
 H - a +4 ring of protection
 L - an uncursed ring of protection from fire
 N - the ring of Spontaneous Combustion (right hand) {Fire +Inv}
   (You found it on level 1 of the Lair of Beasts)

   [ring of fire]

   It enhances your fire magic.
   It protects you from fire.
   It makes you vulnerable to cold.
   It lets you turn invisible.
Wands
 f - a wand of acid (5)
 h - a wand of paralysis (33)
 o - a wand of digging (3)
 p - a wand of flame (48)
 t - a wand of enslavement (7)
 x - a wand of random effects (18)
 F - a wand of clouds (5)
 O - a wand of disintegration (17)
Scrolls
 g - 6 scrolls of blinking
 j - 8 scrolls of remove curse
 l - 3 scrolls of identify
 n - 5 scrolls of teleportation
 I - 2 scrolls of fear
 J - a scroll of fog
Potions
 d - 5 potions of lignification
 e - 6 potions of curing
 m - 5 potions of stabbing
 q - a potion of invisibility
 v - a potion of mutation
 A - 4 potions of heal wounds
 C - a potion of might
 D - a potion of cancellation
 G - a potion of experience {unknown}
 K - 4 potions of resistance
 P - a potion of flight {unknown}
Comestibles
 b - 32 rations


   Skills:
 + Level 14.6 Fighting
 * Level 14.5 Bows
 - Level 2.1 Armour
 - Level 1.5 Dodging
 * Level 16.1 Unarmed Combat


You had 14 spell levels left.
You didn't know any spells.
Your spell library was empty.

Dungeon Overview and Level Annotations

Branches:
Dungeon (12/15)            Temple (0/1) D:4            Lair (6/6) D:11
  Swamp (0/4) Lair:4       Spider (0/4) Lair:2        Slime (0/5) Lair:6
    Orc (0/2) D:12          IceCv (1/1)

Altars:
Elyvilon
Fedhas
Hepliaklqana
Kikubaaqudgha
Okawaru
Qazlal
Ru
Sif Muna
Trog
Vehumet
Yredelemnul
Jiyva

Shops:
D:4 %

Annotations:
Lair:1 exclusion: 2 oklob plants


Innate Abilities, Weirdness & Mutations

You are resistant to torment.
Your stone body is resilient. (AC +11)
You are immune to poison.
Your large and strong wings let you fly indefinitely.
You resist negative energy. (rN+)
You are resistant to electric shocks. (rElec)
You can survive without breathing.
You are immune to petrification.
You are immune to rotting.


Message History

Trog accepts your kill. The alligator simulacrum bites you!
The alligator simulacrum freezes you!!
The alligator simulacrum tail-slaps you but does no damage.
You are too injured to fight recklessly!
You are too injured to fight recklessly!
You are too injured to fight recklessly!
You are too injured to fight recklessly!
You are too injured to fight recklessly!
You punch the alligator simulacrum!
The alligator simulacrum is moderately damaged.
The alligator simulacrum bites you. The alligator simulacrum freezes you!!
* * * LOW HITPOINT WARNING * * *
The alligator simulacrum tail-slaps you but does no damage.
A red film seems to cover your vision as you go berserk!
You feel yourself moving faster!
You feel mighty!
You are feeling hungry.
The death yak simulacrum gores you!
* * * LOW HITPOINT WARNING * * *
The death yak simulacrum freezes you!!
You die...

#####
##...##
##..∩..##
#.......#
#...∩...#
##...@.##
##.ZZ##
#...#
#...##
#...#
##...
##.. ##


You could see an alligator simulacrum and a death yak simulacrum.

Vanquished Creatures
  Gastronok (Lair:1)
  The ghost of Bodu the Basher, a journeyman NaFi of Ashenzari (Lair:5)
  Nessos (Lair:4)
  The ghost of Avur the Severer, a journeyman MiWn of Okawaru (Lair:6)
  7 hydras
  The ghost of Flugslaktarn the Cleaver, a novice DDFi of Makhleb (Lair:1)
  A catoblepas (Lair:6)
  A two-headed ogre (D:11)
  A deep troll shaman (Lair:6)
  17 death yaks (Lair:6)
  The ghost of Bvern the Chopper, a novice MiBe of Trog (D:8)
  A spectral death yak (Lair:6)
  An unseen horror (D:10)
  Pikel (D:7)
  2 ugly things
  A cyclops (D:12)
  A manticore (D:11)
  3 black mambas
  13 elephants
  A gargoyle (D:10)
  2 kobold demonologists (D:11)
  7 rime drakes
  11 spiny frogs
  9 komodo dragons
  4 polar bears
  9 blink frogs
  3 hornets
  A dream sheep (Lair:5)
  A spectral dream sheep (Lair:6)
  7 hippogriffs
  2 redbacks (Lair:2)
  A spriggan (Lair:5)
  5 wyverns
  A wraith (D:9)
  A spectral komodo dragon (Lair:6)
  A human (D:9)
  35 yaks
  A steam dragon (D:9)
  2 hungry ghosts
  7 basilisks
  2 hydra simulacra (Lair:6)
  Edmund (D:3)
  10 water moccasins
  7 porcupines
  2 acid dragons
  3 orc warriors
  An ice beast (D:11)
  5 sky beasts
  A black bear (D:7)
  A phantom (D:7)
  4 slaves (D:7)
  5 ogres
  2 necrophages (D:9)
  15 wolves
  13 centaurs
  12 crocodiles
  A big kobold (D:11)
  12 bullfrogs
  A water moccasin zombie (D:10)
  4 scorpions
  A lindwurm simulacrum (Lair:6)
  9 killer bees
  3 wights (D:9)
  6 howler monkeys
  A centaur zombie (D:8)
  2 crimson imps
  6 human zombies (D:9)
  4 jellies
  2 centaur skeletons
  5 hounds
  8 orc priests
  13 orc wizards
  4 iguanas
  4 bullfrog skeletons
  7 worker ants
  A yak simulacrum (Lair:1)
  2 wolf simulacra (IceCv)
  2 bullfrog simulacra (Lair:1)
  A hound zombie (D:9)
  3 hound skeletons
  Robin (D:3)
  A howler monkey zombie (D:10)
  4 gnolls (D:2)
  9 adders
  A crocodile simulacrum (Lair:1)
  5 shadow imps
  5 oozes
  An adder zombie (D:9)
  2 worms
  3 dart slugs
  4 leopard geckos
  58 orcs
  4 ball pythons
  8 giant cockroaches
  23 goblins
  10 hobgoblins
  10 jackals
  9 quokkas
  9 bats
  4 frilled lizards
  13 kobolds
  A leopard gecko skeleton (D:8)
  12 rats
550 creatures vanquished.

Vanquished Creatures (others)
  A quokka (D:6)
  A bush (Lair:6)
  6 fungi
  5 plants
13 creatures vanquished.

Grand Total: 563 creatures vanquished

Notes
Turn   | Place    | Note
-------+----------+-------------------------------------------
     0 | D:1      | HoaS the Gargoyle Berserker began the quest for the Orb.
     0 | D:1      | Reached XP level 1. HP: 14/14 MP: 1/1
   272 | D:1      | Reached XP level 2. HP: 19/19 MP: 2/2
   728 | D:1      | Reached XP level 3. HP: 24/24 MP: 3/3
   746 | D:1      | Reached ** piety under Trog
  1160 | D:1      | Reached skill level 4 in Unarmed Combat
  1616 | D:2      | Reached XP level 4. HP: 15/29 MP: 4/4
  2725 | D:2      | Reached XP level 5. HP: 29/34 MP: 5/5
  2727 | D:2      | Reached skill level 5 in Unarmed Combat
  3053 | D:3      | Reached *** piety under Trog
  3811 | D:3      | Reached skill level 5 in Fighting
  3811 | D:3      | Reached XP level 6. HP: 27/40 MP: 6/6
  3989 | D:4      | Reached skill level 6 in Unarmed Combat
  4171 | D:4      | Found a blossoming altar of Fedhas.
  4249 | D:4      | Reached XP level 7. HP: 14/44 MP: 7/7
  4502 | D:4      | Found Qaloen's Food Shoppe.
  4685 | D:4      | Found a sacrificial altar of Ru.
  4696 | D:4      | Noticed Edmund
  4702 | D:4      | Noticed Robin
  4762 | D:3      | Killed Edmund
  4762 | D:3      | Reached skill level 1 in Bows
  4762 | D:3      | Reached skill level 7 in Unarmed Combat
  4766 | D:3      | Reached **** piety under Trog
  4883 | D:3      | Killed Robin
  5155 | D:4      | Found a staircase to the Ecumenical Temple.
  5255 | D:5      | Entered Level 5 of the Dungeon
  5298 | D:5      | Reached XP level 8. HP: 51/51 MP: 8/8
  5585 | D:5      | Found an ancient bone altar of Kikubaaqudgha.
  5680 | D:5      | Found a radiant altar of Vehumet.
  6053 | D:6      | Reached skill level 8 in Unarmed Combat
  6134 | D:6      | Found a white marble altar of Elyvilon.
  6252 | D:6      | Found a bloodstained altar of Trog.
  7118 | D:7      | Noticed Pikel
  7163 | D:7      | Killed Pikel
  7163 | D:7      | Reached skill level 9 in Unarmed Combat
  7163 | D:7      | Reached XP level 9. HP: 39/57 MP: 9/9
  7912 | D:8      | Found a large runed translucent door.
  7912 | D:8      | Found a large runed translucent door.
  7913 | D:8      | Noticed Bvern's ghost (novice MiBe)
  7936 | D:8      | Reached skill level 5 in Bows
  7939 | D:8      | Reached ***** piety under Trog
  7939 | D:8      | Reached skill level 10 in Unarmed Combat
  8254 | D:8      | Found a hazy altar of Hepliaklqana.
  8578 | D:8      | Reached XP level 10. HP: 50/65 MP: 10/10
  9022 | D:8      | Found an iron altar of Okawaru.
  9462 | D:9      | Reached skill level 11 in Unarmed Combat
 10296 | D:9      | Found a basalt altar of Yredelemnul.
 10393 | D:10     | Entered Level 10 of the Dungeon
 10584 | D:10     | Killed an unseen horror
 10584 | D:10     | Reached skill level 12 in Unarmed Combat
 10701 | D:10     | Reached XP level 11. HP: 69/72 MP: 11/11
 10865 | D:10     | Found an iron altar of Okawaru.
 11062 | D:10     | Reached skill level 10 in Fighting
 11083 | D:10     | Received a gift from Trog
 11381 | D:11     | Noticed a manticore
 11381 | D:11     | Noticed a green ugly thing
 11396 | D:10     | Killed a green ugly thing
 12334 | D:11     | Killed a manticore
 12707 | D:11     | Reached skill level 13 in Unarmed Combat
 12905 | D:11     | Found a stormy altar of Qazlal.
 12919 | D:11     | Noticed a two-headed ogre
 12927 | D:11     | Killed a two-headed ogre
 13044 | D:11     | Noticed a white ugly thing
 13051 | D:11     | Killed a white ugly thing
 13214 | D:11     | Found a staircase to the Lair.
 13379 | D:11     | Noticed a six-headed hydra
 13390 | D:11     | Killed a six-headed hydra
 13560 | Lair:1   | Entered Level 1 of the Lair of Beasts
 13673 | Lair:1   | Reached XP level 12. HP: 80/80 MP: 12/12
 13760 | Lair:1   | Noticed Flugslaktarn's ghost (novice DDFi)
 13980 | D:8      | Killed Bvern's ghost
 14193 | Lair:1   | Noticed Gastronok
 14213 | Lair:1   | Killed Gastronok
 14213 | Lair:1   | Reached skill level 14 in Unarmed Combat
 14472 | Lair:1   | Found a runed translucent gate.
 14582 | Lair:1   | Found a runed translucent gate.
 14582 | Lair:1   | Found a runed translucent gate.
 15161 | Lair:2   | Found a hole to the Spider Nest.
 15172 | Lair:2   | Reached skill level 10 in Bows
 15603 | Lair:2   | Noticed an eight-headed hydra
 15612 | Lair:2   | Killed an eight-headed hydra
 16138 | Lair:3   | Reached XP level 13. HP: 60/87 MP: 13/13
 16394 | Lair:3   | Found a gate leading to a gauntlet.
 16502 | Lair:3   | Received a gift from Trog
 17033 | Lair:4   | Noticed Nessos
 17038 | Lair:4   | Killed Nessos
 17488 | Lair:4   | Found a staircase to the Swamp.
 18475 | Lair:5   | Found a runed translucent gate.
 18477 | Lair:5   | Found a runed translucent gate.
 18481 | Lair:5   | Found a runed translucent gate.
 18481 | Lair:5   | Noticed Bodu's ghost (journeyman NaFi)
 18846 | Lair:1   | Killed Flugslaktarn's ghost
 18870 | Lair:1   | Got the ring of Spontaneous Combustion {Fire}
 18888 | Lair:1   | Identified the ring of Spontaneous Combustion {Fire +Inv}
                  | (You found it on level 1 of the Lair of Beasts)
 18992 | Lair:6   | Entered Level 6 of the Lair of Beasts
 19081 | Lair:6   | Gained mutation: Your large and strong wings let you fly
                  | indefinitely. [Gargoyle growth]
 19081 | Lair:6   | Reached XP level 14. HP: 95/95 MP: 14/14
 19231 | Lair:6   | Reached skill level 15 in Unarmed Combat
 19705 | Lair:6   | Found a runed translucent gate.
 19705 | Lair:6   | Found a runed translucent gate.
 19705 | Lair:6   | Found a runed translucent gate.
 19705 | Lair:6   | Noticed Avur's ghost (journeyman MiWn)
 19741 | Lair:6   | Found a shimmering blue altar of Sif Muna.
 19768 | Lair:6   | Received a gift from Trog
 19819 | Lair:6   | Found a runed translucent door.
 19819 | Lair:6   | Found a viscous altar of Jiyva.
 19819 | Lair:6   | Found a staircase to the Slime Pits.
 20538 | Lair:6   | Killed Avur's ghost
 20542 | Lair:6   | Reached skill level 16 in Unarmed Combat
 20695 | Lair:5   | Killed Bodu's ghost
 20695 | Lair:5   | Reached XP level 15. HP: 69/101 MP: 15/15
 21243 | D:12     | Found a staircase to the Orcish Mines.
 21297 | D:12     | Found a frozen archway.
 21314 | IceCv    | Entered an ice cave
 21323 | IceCv    | HP: 7/151 [death yak simulacrum (12)]
 21323 | IceCv    | Mangled by a death yak simulacrum

Illustrated notes

Levels and vault maps discovered:
D:1:      dpeg_arrival_boxorama, layout_loops_ring, minivault_24
D:2:      layout_basic
D:3:      layout_loops_ring
D:4:      layout_rooms, lemuel_crystal_altar, temple_green, serial_shops, shop,
          first_ration, hangedman_ru_absence, uniq_robin, uniq_edmund
D:5:      layout_cave_pools, old_standard_altar, nicolae_overflow_crystal_walls,
          corexii_leaking_fountain
D:6:      layout_rooms, elyvilon_altar_4, minmay_misc_feat_plants, trog_book
D:7:      wad_pebble_path, layout_basic, uniq_pikel
D:8:      layout_basic, kennysheep_mini, lemuel_round_altar,
          ebering_ghost_disaster_area
D:9:      layout_basic, grunt_pizzeria, lemuel_mausoleum_altar_yredelemnul
D:10:     layout_loops_ring, serial_co_window_serial, co_window_corner_a,
          co_window_corner_a, co_window_of_opportunity_a, co_window_paths_a,
          co_window_paths_a, co_window_corner_b, co_window_2corner,
          co_window_corner_ca, co_window_paths_c, glass_columns_b,
          glass_columns_b, glass_columns_a, glass_columns_c, glass_columns_c,
          okawaru_ov_weapons_minmay
D:11:     layout_small_grid, lair_entry_dummy, serial_bayou_pond_a,
          nicolae_qazlal_style_of_elements
D:12:     wander_river, layout_irregular_city, orc_0_dummy, portal_ice_cave_rime
Lair:1:   layout_gridlike, gammafunk_ghost_icy, serial_bayou_shore_b,
          minmay_lair_oklob_chamber, uniq_gastronok
Lair:2:   layout_regular_city, spider_nest_entry_a
Lair:3:   layout_chaotic_city, gauntlet_entry_generic, st_stairs_13,
          kennysheep_basilisk_garden
Lair:4:   layout_loops_ring, swamp_mist_pool, minivault_24, uniq_nessos
Lair:5:   layout_roguey, ebering_ghost_rock_garden,
          eino_small_chamber_without_monster, grunt_forest_large_clearing_hut
Lair:6:   grunt_lair_end_beastmaster, layout_regular_city, slime_altar_2,
          gammafunk_ghost_necromancy, basic_altar, chequers_serial_rivers_marsh
IceCv:    ice_cave_small_necro

Skill      XL: |  1  2  3  4  5  6  7  8  9 10 11 12 13 14 |
---------------+-------------------------------------------+-----
Unarmed Combat | 4 5 6 7 9 10 12 13 14 16 | 16.1
Fighting       | 4 5 6 7 8 9 11 12 13 14 | 14.6
Bows           | 2 4 5 7 8 11 13 14 | 14.5
Armour         | |  2.1
Dodging        | |  1.5

Action                   |  1- 3 |  4- 6 |  7- 9 | 10-12 | 13-15 || total
-------------------------+-------+-------+-------+-------+-------++-------
Melee: Unarmed           |   154 |   261 |   419 |   427 |   441 ||  1702
       Punch             |     1 |     5 |    14 |    18 |    34 ||    72
 Fire: Shortbow          |       |       |       |   233 |    53 ||   286
       Longbow           |       |       |       |       |   176 ||   176
Invok: Berserk           |       |     1 |     1 |       |     3 ||     5
       Trog's Hand       |       |       |     3 |     2 |     3 ||     8
       Brothers in Arms  |       |       |       |       |     1 ||     1
 Abil: Fly               |       |       |       |       |     1 ||     1
  Use: Scroll            |       |       |    15 |     9 |     7 ||    31
       Potion            |       |       |       |       |     1 ||     1
 Stab: Sleeping          |     1 |     1 |       |       |       ||     2
       Distracted        |       |       |     1 |       |       ||     1
  Eat: Chunk             |     2 |    10 |    17 |    20 |    17 ||    66
       Ration            |       |       |       |     2 |     1 ||     3
Armor: Animal skin       |    42 |    43 |       |       |       ||    85
       Ring mail         |       |    49 |    43 |       |       ||    92
       Scale mail        |       |       |    75 |       |       ||    75
       Chain mail        |       |       |    90 |    59 |       ||   149
       Plate armour      |       |       |       |   193 |   261 ||   454
Dodge: Dodged            |    69 |   140 |   174 |   116 |   110 ||   609
Block: Other             |       |       |       |    20 |       ||    20

Table legend:
 A = Non-vault XP
 B = Vault XP
 C = Vault XP percentage of total XP
 D = Non-vault monster count
 E = Vault monster count
 F = Vault count percentage of total count
                 A         B        C        D         E       F
            +---------+---------+-------+---------+---------+-------
      Total |   62346 |   26997 |  30.2 |     464 |      82 |  15.0
            +---------+---------+-------+---------+---------+-------
        D:1 |      58 |       0 |   0.0 |      32 |       0 |   0.0
        D:2 |     149 |       0 |   0.0 |      35 |       0 |   0.0
        D:3 |     164 |     178 |  52.0 |      34 |       6 |  15.0
        D:4 |     566 |       5 |   0.9 |      17 |       3 |  15.0
        D:5 |     376 |       0 |   0.0 |      15 |       0 |   0.0
        D:6 |     513 |       0 |   0.0 |      19 |       0 |   0.0
        D:7 |     853 |     607 |  41.6 |      23 |       1 |   4.2
        D:8 |    1669 |     796 |  32.3 |      38 |       1 |   2.6
        D:9 |    1801 |    1097 |  37.9 |      30 |      13 |  30.2
       D:10 |    3796 |       0 |   0.0 |      34 |       0 |   0.0
       D:11 |    5900 |       0 |   0.0 |      34 |       0 |   0.0
       D:12 |    1790 |     702 |  28.2 |      13 |       2 |  13.3
     Lair:1 |    1875 |    3946 |  67.8 |       9 |       8 |  47.1
     Lair:2 |    6622 |     436 |   6.2 |      22 |       2 |   8.3
     Lair:3 |    6613 |     954 |  12.6 |      28 |       5 |  15.2
     Lair:4 |    5129 |    1362 |  21.0 |      18 |       1 |   5.3
     Lair:5 |    5456 |    2523 |  31.6 |      16 |       4 |  20.0
     Lair:6 |   19016 |   14335 |  43.0 |      47 |      34 |  42.0
      IceCv |       0 |      56 | 100.0 |       0 |       2 | 100.0
            +---------+---------+-------+---------+---------+-------
